 Dungeon Crawl Stone Soup version 0.28.0-53-g5a82cb258f (webtiles) character file.

Game seed: 6142132810789422863

12 bnorton916 the Firebug (level 2, 0/15 HPs)
             Began as a Deep Elf Fire Elementalist on July 15, 2022.
             Hit by a boomerang thrown by an orc (4 damage)
             ... on level 1 of the Dungeon.
             The game lasted 00:00:36 (778 turns).

bnorton916 the Firebug (Deep Elf Fire Elementalist)  Turns: 778, Time: 00:00:37

Health: 0/15       AC:  3    Str:  5    XL:     2   Next: 20%
Magic:  8/8        EV: 12    Int: 19    God:
Gold:   62         SH:  0    Dex: 15    Spells: 6/7 levels left

rFire   . . .      SeeInvis .   (no weapon)
rCold   . . .      Faith    .   (no shield)
rNeg    . . .      Spirit   .   a - +0 robe
rPois   .          Reflect  .   (no helmet)
rElec   .          Harm     .   (no cloak)
rCorr   .          Rampage  .   (no gloves)
Will    .....                   c - +0 pair of boots
Stlth   +.........              (no amulet)
HPRegen 0.05/turn               (no ring)
MPRegen 0.11/turn               (no ring)

@: very slow
A: no striking features
a: no special abilities


You were on level 1 of the Dungeon.
You visited 1 branch of the dungeon, and saw 2 of its levels.

You collected 62 gold pieces.

Inventory:

Missiles
 b - 4 javelins
 f - 60 stones
Armour
 a - a +0 robe (worn)
 c - a +0 pair of boots (worn)
Scrolls
 e - a scroll of identify {unknown}
Potions
 d - a potion of might {unknown}
 g - a potion of magic {unknown}


   Skills:
 - Level 2.4 Dodging
 - Level 2.4 Stealth
 + Level 3.4 Spellcasting
 + Level 1.6 Conjurations
 + Level 3.5 Fire Magic


You had 6 spell levels left.
You knew the following spells:

 Your Spells              Type           Power      Damage    Failure   Level
a - Foxfire               Conj/Fire      52%        2x1d6     4%          1

Your spell library contained the following spells:

 Spells                   Type           Power      Damage    Failure   Level
 Scorch                   Fire           32%        2d7       4%          2
 Conjure Flame            Conj/Fire      13%        6-21      16%         3
 Inner Flame              Hex/Fire       10%        N/A       22%         3
 Flame Wave               Conj/Fire      13%        2d6       45%         4


Dungeon Overview and Level Annotations

Branches:
Dungeon (2/15)

Altars:


Message History

Casting: Foxfire (safe; 4% risk of failure)
Confirm with . or Enter, or press ? or * to list all spells.
You conjure some foxfire!
Your foxfire dissipates! x2
Your foxfire dissipates!
Your foxfire dissipates!
Done exploring.
Done exploring.
Done exploring.
Done exploring.
(D) Dungeon
Where to? (? - help)
There is a stone staircase leading down here.
You climb downwards.
Found a hand axe.
There is a stone staircase leading up here.
There are monsters nearby!
The frilled lizard hisses angrily.
You climb upwards.
There is a stone staircase leading down here.
There is a stone staircase leading down here.
There is a stone staircase leading down here.
You climb downwards.
The orc shouts!
The orc hits you with a +0 club. The orc hits you with a +0 short sword.
Found a stone staircase leading down.
There is a stone staircase leading up here.
The orc closely misses you. The orc hits you with a +0 club.
The orc hits you but does no damage.
You climb upwards.
There is a stone staircase leading down here.
The orc throws a boomerang.
The boomerang closely misses you. The orc hits you with a +0 club.
The orc throws a boomerang.
The boomerang barely misses you. The orc hits you with a +0 club.
* * * LOW HITPOINT WARNING * * *
You enter the shallow water.
Moving in this stuff is going to be slow.
The orc throws a boomerang.
The boomerang hits you.
You die...

......>...................#######
.......≈≈§≈≈§≈≈≈≈................
..>....≈8§≈§≈§≈8≈........########
.......≈≈8§§≈≈8≈≈...>....# #....
.......≈≈≈####≈≈§........# #.###
.....##≈≈≈#.<#≈≈≈o....>..# #.# #
......§≈≈≈#..#≈≈≈.o......# ##.# #
.#...#.§≈≈#''#≈≈≈o......####..# #
.......≈≈8≈≈≈≈8≈@.......###.)##
##.#.#.≈8§≈≈≈≈≈8≈........##.##
.#.#...≈≈§§§≈≈≈≈≈........#..#
.#.#.#....§§...............##
.#.#.###..............)....#####
.#.#.# #####.##................##
.....## ##....#...######..##..#
...#..#####...###...# ##.###..
...#.....##.#.#.....# #####.##...


You could see 3 orcs.

Vanquished Creatures
  A dart slug (D:1)
  A hobgoblin (D:1)
  2 jackals (D:1)
  A quokka (D:1)
  3 bats (D:1)
  A goblin (D:1)
9 creatures vanquished.

Vanquished Creatures (collateral kills)
  A foxfire (D:1)
1 creature vanquished.

Vanquished Creatures (others)
  65 foxfires (D:1)
65 creatures vanquished.

Grand Total: 75 creatures vanquished

Notes
Turn   | Place    | Note
-------+----------+-------------------------------------------
     0 | D:1      | bnorton916 the Deep Elf Fire Elementalist began the quest
                  | for the Orb.
     0 | D:1      | Reached XP level 1. HP: 10/10 MP: 6/6
   393 | D:1      | Reached XP level 2. HP: 15/15 MP: 5/8
   487 | D:1      | Found a faded altar of an unknown god.
   778 | D:1      | Hit by a boomerang thrown by an orc

Illustrated notes

Levels and vault maps discovered:
D:1:      lightli_arrival_boilingwater, layout_rooms,
          dreamdust_ecumenical_altar_grove
D:2:      layout_rooms

Action                   || total
-------------------------++-------
 Cast: Foxfire           ||    36
Armor: Robe              ||     2
Dodge: Dodged            ||     5
